 Dungeon Crawl Stone Soup version 0.32-a0-128-g77eb882913 (webtiles) character file.

Game seed: 18422761057377943888

31 zeratav the Trooper (level 3, -3/39 HPs)
             Began as an Oni Warper on Feb 8, 2024.
             Killed from afar by an orc wizard (9 damage)
             ... with a magic dart
             ... on level 2 of the Dungeon.
             The game lasted 00:01:08 (893 turns).

zeratav the Trooper (Oni Warper)                     Turns: 893, Time: 00:01:09

Health: -3/39      AC:  3    Str: 17    XL:     3   Next: 22%
Magic:  6/6        EV:  9    Int: 14    God:
Gold:   51         SH:  0    Dex:  8    Spells: 4/6 levels left

rFire   . . .        a - +0 mace {mace}
rCold   . . .        (no shield)
rNeg    . . .        b - +0 robe
rPois   .            (helmet restricted)
rElec   .            (no cloak)
rCorr   .            (gloves unavailable)
SInv    .            (boots unavailable)
Will    .....        (no amulet)
Stlth   +            k - ring of flight
HPRegen 0.26/turn    (no ring)
MPRegen 0.10/turn

%: no passive effects
@: flying
A: large, unfitting armour, horns 1, tough skin 1, double potion healing,
drunken brawling
a: no special abilities


You were on level 2 of the Dungeon.
You visited 1 branch of the dungeon, and saw 2 of its levels.

You collected 51 gold pieces.


Innate Abilities, Weirdness & Mutations

You are too large for most types of armour.
You have a pair of small horns on your head.
You have tough skin. (AC +1)
You gain doubled healing and magic from potions.
Whenever you drink a healing potion, you attack all around you.


   Skills:
 + Level 3.8 Fighting
 + Level 2.9 Maces & Flails
 - Level 1.0 Throwing
 - Level 2.1 Dodging
 - Level 2.4 Spellcasting
 - Level 2.6 Translocations


You had 4 spell levels left.
You knew the following spells:

 Your Spells              Type           Power      Damage    Failure   Level
a - Blink                 Tloc           18%        N/A       12%         2

Your spell library contained the following spells:

 Spells                   Type           Power      Damage    Failure   Level
 Lesser Beckoning         Tloc           18%        N/A       12%         2
 Teleport Other           Tloc           9%         N/A       22%         3
 Inner Flame              Hex/Fire       1%         N/A       56%         3
 Manifold Assault         Tloc           9%         N/A       58%         4
 Vhi's Electric Charge    Tloc/Air       10%        N/A       78%         4
 Irradiate                Conj/Alch      0%         3d11      99%         5
 Ignition                 Fire           0%         3d3       100%        8

Inventory:

Hand Weapons
 a - a +0 mace (weapon) {mace}
Missiles
 d - 7 darts of dispersal (quivered) {=fthrowing}
 e - 2 poisoned darts {throwing}
Armour
 b - a +0 robe (worn)
Jewellery
 k - a ring of flight (left hand)
   (You found it on level 1 of the Dungeon)
Scrolls
 f - 2 scrolls of identify {unknown}
 g - a scroll of noise {unknown}
 h - a scroll of enchant weapon {unknown}
 i - a scroll of fear {unknown}
 j - a scroll of enchant armour {unknown}
Potions
 l - a potion of might {unknown}

Dungeon Overview and Level Annotations

Branches:
Dungeon (2/15) Zot: 11087

Altars:

Shops:
D:1

! ....# ....
#..# #..# #..#
#..#####.##
###..........
#...@.#
###.#.#o####o#
#......o...$.#
#...###S###
#.....ยง.#
#.(###### #.
#.


You could see an orc wizard, an adder and an orc.


Message History

You hit the goblin. Your headbutt misses the goblin.
The goblin hits you with a +0 dagger.
HP[-2]
You take 2 damage, and now have 37/39 hp.
You barely miss the goblin. The goblin barely misses you.
You hit the goblin.
You kill the goblin!
No target in view!
No target in view!
No target in view!
No target in view!
No target in view!
No target in view!
No target in view!
No target in view!
No target in view!
No target in view!
No target in view!
No target in view!
No target in view!
Things that are here:
a +0 dagger {short}; a goblin corpse
Things that are here:
a +0 dagger {short}; a goblin corpse Done exploring.
HP[+2]
Your hp is fully restored (39).
Done exploring.
Done exploring.
No target in view!
There is a stone staircase leading down here.
You fly downwards.
The orc wizard shouts!
The orc shouts!
The adder hisses angrily.
Found 9 gold pieces and 4 poisoned darts.
Found a stone staircase leading up.
There is a stone staircase leading up here.
There are monsters nearby!
The adder bites you.
HP[-1]
You take 1 damage, and now have 38/39 hp.
You miss the adder. The adder bites you.
HP[-2]
You take 2 damage, and now have 36/39 hp.
You barely miss the adder. Your headbutt misses the adder. The adder bites you.
You are poisoned.
The adder poisons you! The orc hits you with a +0 hand axe.
The adder barely misses you.
HP[-6]
You take 6 damage, and now have 30/39 hp.
You closely miss the adder. You headbutt the adder.
You feel sick. The adder barely misses you.
The orc hits you with a +0 hand axe. The adder bites you but does no damage.
HP[-6]
You take 6 damage, and now have 24/39 hp.
You hit the adder but do no damage.
You feel sick. The adder closely misses you.
The orc hits you with a +0 hand axe. The orc hits you but does no damage.
HP[-2]
You take 2 damage, and now have 22/39 hp.
You closely miss the adder. Your punch misses the adder.
You feel sick. The adder closely misses you.
The orc hits you with a +0 hand axe.
* * * LOW HITPOINT WARNING * * *
The adder bites you but does no damage. The orc hits you with a +0 short sword.
* * * LOW HITPOINT WARNING * * *
You are too injured to fight recklessly!
You are too injured to fight recklessly!
HP[-9]
You take 9 damage, and now have 13/39 hp.
MASSIVE DAMAGE!! (PAUSE)
You are too injured to fight recklessly!
You are too injured to fight recklessly!
You are too injured to fight recklessly!
You are too injured to fight recklessly!
You are too injured to fight recklessly!
You are too injured to fight recklessly!
You are too injured to fight recklessly!
You are too injured to fight recklessly!
You are too injured to fight recklessly!
You are too injured to fight recklessly!
You are too injured to fight recklessly!
You are too injured to fight recklessly!
You are too injured to fight recklessly!
You are too injured to fight recklessly!
You are too injured to fight recklessly!
You are too injured to fight recklessly!
You are too injured to fight recklessly!
Blink to where?
Press: ? - help, Dir - move target
As you read the scroll of blinking {!r}, it crumbles to dust.
You feel sick.
The orc wizard gestures at you while chanting.
The puff of flame hits you.
* * * LOW HITPOINT WARNING * * *
HP[-7]
You take 7 damage, and now have 6/39 hp.
You feel sick.
You are no longer poisoned.
The orc wizard gestures at you while chanting.
The magic dart hits you!
You die...

Skill      XL: |  1 |
---------------+----+-----
Fighting       | 3 |  3.8
Maces & Flails | |  2.9
Throwing       | |  1.0
Dodging        | |  2.1
Spellcasting   | |  2.4
Translocations | |  2.6

Action                     || total
---------------------------++-------
  Melee: Mace              ||    73
         Headbutt          ||    10
         Punch             ||     1
    Use: Scroll            ||     1
 Armour: Robe              ||    77
  Dodge: Dodged            ||    50

Levels and vault maps discovered:
D:1:      amcnicky_arrival_wind_blow, layout_basic, serial_shops,
          nicolae_shop_tiny_statue_garden, hellmonk_ecumenical_altar_crossroads,
          minmay_misc_feat_roman, minmay_octomino_j4
D:2:      layout_loops_ring, basic_altar, serial_shops, shop,
          nicolae_shop_real_fake_doors, nicolae_diamond_shop, shop

Notes
Turn   | Place    | Note
-------+----------+-------------------------------------------
     0 | D:1      | zeratav the Oni Warper began the quest for the Orb.
     0 | D:1      | Reached XP level 1. HP: 22/22 MP: 3/3
     0 | D:1      | magus.rc [v1.9.6]
    57 | D:1      | Found a faded altar of an unknown god.
   119 | D:1      | Reached skill level 3 in Fighting
   123 | D:1      | Reached XP level 2. HP: 22/31 MP: 5/5
   220 | D:1      | Learned a level 2 spell: Blink
   339 | D:1      | You pick up a book of Spontaneous Combustion and begin
                  | reading...
   339 | D:1      | You add the spells Inner Flame, Irradiate and Ignition to
                  | your library.
   400 | D:1      | Reached XP level 3. HP: 33/39 MP: 6/6
   575 | D:1      | Found Qierr's Distillery.
   892 | D:2      | HP: 6/39 [orc wizard/puff of flame (6)]
   893 | D:2      | Killed from afar by an orc wizard

Vanquished Creatures
  A dart slug (D:1)
  5 ball pythons (D:1)
  4 endoplasms (D:1)
  A giant cockroach (D:1)
  2 goblins (D:1)
  2 hobgoblins (D:1)
  2 jackals (D:1)
  A kobold (D:1)
  A quokka (D:1)
  3 bats (D:1)
  2 frilled lizards (D:1)
  2 rats (D:1)
26 creatures vanquished.

Table legend:
 A = Non-vault XP
 B = Vault XP
 C = Vault XP percentage of total XP
 D = Non-vault monster count
 E = Vault monster count
 F = Vault count percentage of total count
                 A         B        C        D         E       F
            +---------+---------+-------+---------+---------+-------
      Total |      40 |       5 |  11.1 |      23 |       3 |  11.5
            +---------+---------+-------+---------+---------+-------
        D:1 |      40 |       5 |  11.1 |      23 |       3 |  11.5
            +---------+---------+-------+---------+---------+-------

Skill      XL: |  1 |
---------------+----+-----
Fighting       | 3 |  3.8
Maces & Flails | |  2.9
Throwing       | |  1.0
Dodging        | |  2.1
Spellcasting   | |  2.4
Translocations | |  2.6

Action                     || total
---------------------------++-------
  Melee: Mace              ||    73
         Headbutt          ||    10
         Punch             ||     1
    Use: Scroll            ||     1
 Armour: Robe              ||    77
  Dodge: Dodged            ||    50

Illustrated notes

Table legend:
 A = Kills in this place as a percentage of kills in the entire game.
 B = Kills by you in this place as a percentage of kills by you in the entire game.
 C = Kills by friends in this place as a percentage of kills by friends in the entire game.
 D = Other kills in this place as a percentage of other kills in the entire game.
 E = Experience gained in this place as a percentage of experience gained in the entire game.
 F = Experience gained in this place divided by the number of levels of this place that you have seen.
                   A       B       C       D       E      F
               +-------+-------+-------+-------+-------+----------------------
         Total | 100.0 | 100.0 |   N/A |   N/A | 100.0 |  22.5
       Dungeon | 100.0 | 100.0 |   N/A |   N/A | 100.0 |  22.5
               +-------+-------+-------+-------+-------+----------------------

Table legend: (Time is in decaauts)
 A = Elapsed time spent in this place.
 B = Non-inter-level travel time spent in this place.
 C = Inter-level travel time spent in this place.
 D = Time resting spent in this place.
 E = Time spent auto-exploring this place.
 F = Levels seen in this place.
 G = Mean time per level.
                   A        B        C        D        E       F      G
               +--------+--------+--------+--------+--------+-----+--------+
         Total |    912 |    866 |     46 |      0 |    701 |   2 |  456.0 |
       Dungeon |    912 |    866 |     46 |      0 |    701 |   2 |  456.0 |
               +--------+--------+--------+--------+--------+-----+--------+

Top non-repeatable levels by time:
     D:1: 902 daAuts
     D:2: 9 daAuts
